 Dungeon Crawl Stone Soup version 0.31-a0-240-gb923e448b6 (webtiles) character file.

Game seed: 7975096889101263783

154 qw the Shooter (level 5, 0/30 HPs)
             Began as a Gargoyle Hexslinger on July 11, 2023.
             Slain by an iguana (6 damage)
             ... on level 4 of the Dungeon.
             The game lasted 00:01:05 (2600 turns).

qw the Shooter (Gargoyle Hexslinger)                Turns: 2600, Time: 00:01:06

Health: 0/30       AC: 11    Str: 12    XL:     5   Next: 35%
Magic:  0/6        EV: 10    Int: 13    God:
Gold:   105        SH:  0    Dex: 14    Spells: 5/6 levels left

rFire   . . .        Y - +1 sling
rCold   . . .        (no shield)
rNeg    + . .        j - +0 ring mail
rPois   inf          (no helmet)
rElec   +            (no cloak)
rCorr   .            d - +0 pair of gloves
SInv    .            g - +0 pair of boots
Will    .....        b - amulet of guardian spirit
Stlth   +            (no ring)
HPRegen 0.25/turn    (no ring)
MPRegen 0.10/turn

%: guardian spirit
@: no status effects
A: sickness immunity, AC +4, negative energy resistance 1, electricity
resistance, torment resistance 1, petrification resistance
a: no special abilities


You were on level 4 of the Dungeon.
You visited 1 branch of the dungeon, and saw 4 of its levels.

You collected 105 gold pieces.


Innate Abilities, Weirdness & Mutations

You are immune to sickness and miasma.
Your stone body is resilient. (AC +4)
You are immune to poison.
You resist negative energy. (rN+)
You are resistant to electric shocks. (rElec)
You are resistant to unholy torment.
You are immune to petrification.


   Skills:
 - Level 2.1 Fighting
 - Level 5.0 Ranged Weapons
 + Level 0.7 Armour
 - Level 1.5 Dodging
 - Level 1.0 Spellcasting
 - Level 2.6 Hexes


You had 5 spell levels left.
You knew the following spells:

 Your Spells              Type           Power      Damage    Failure   Level
a - Slow                  Hex            28%        N/A       22%         1

Your spell library contained the following spells:

 Spells                   Type           Power      Damage    Failure   Level
 Inner Flame              Hex/Fire       4%         N/A       73%         3
 Portal Projectile        Hex/Tloc       8%         N/A       73%         3
 Cause Fear               Hex            3%         N/A       91%         4

Inventory:

Hand Weapons
 Y - a +1 sling (weapon)
Armour
 d - a +0 pair of gloves (worn)
 g - a +0 pair of boots (worn)
 j - a +0 ring mail (worn)
Jewellery
 b - an amulet of guardian spirit (around neck)
Scrolls
 c - a scroll of identify
 h - a scroll of teleportation
Potions
 a - a potion of enlightenment
 e - a potion of magic {unknown}
 f - a potion of brilliance {unknown}
 i - a potion of curing {unknown}

Dungeon Overview and Level Annotations

Branches:
Dungeon (4/15)
 Temple: D:4-7

Altars:
Zin

Annotations:
D:3 exclusion: 23 gnolls


Message History

You float gracefully downwards.
Your enlightenment fades.
You open the door.
An iguana comes into view.
You shoot a sling bullet.
The sling bullet completely misses the iguana.
Found a mace.
There is an open door here.
You shoot a sling bullet.
The sling bullet closely misses the iguana.
You shoot a sling bullet.
The sling bullet hits the iguana but does no damage.
You shoot a sling bullet. The sling bullet hits the iguana.
The iguana is lightly wounded.
The iguana bites you. x2
You shoot a sling bullet.
The sling bullet barely misses the iguana.
The iguana bites you.
You shoot a sling bullet. The sling bullet hits the iguana.
The iguana is moderately wounded.
The iguana bites you!
You shoot a sling bullet.
The sling bullet barely misses the iguana.
The iguana bites you!
You shoot a sling bullet.
The sling bullet barely misses the iguana.
The iguana barely misses you. The iguana bites you.
You shoot a sling bullet.
The sling bullet barely misses the iguana.
The iguana bites you.
You shoot a sling bullet. The sling bullet hits the iguana.
The iguana is severely wounded.
The iguana bites you.
You shoot a sling bullet. The sling bullet hits the iguana.
The iguana is almost dead.
The iguana closely misses you.
You shoot a sling bullet.
The sling bullet barely misses the iguana.
The iguana bites you. The iguana bites you!
You die...

#....#
##########)...#####
.........'....+...######
...####.##....#.........
........###.......#
....###.####.##.#.# #.
#........##.#<#
#.#.####.##.### #.#@#
#+##+# #.l........
.............
#..............
#.#.#..........
#...#........). ...
........... #.
.####..#.##.


You could see an iguana.

Vanquished Creatures
  6 adders
  3 gnolls (D:3)
  2 worms (D:2)
  3 dart slugs
  An orc (D:3)
  6 ball pythons
  5 endoplasms
  5 goblins
  4 hobgoblins
  3 jackals (D:3)
  5 kobolds
  5 quokkas
  6 bats
  4 frilled lizards
  3 rats
61 creatures vanquished.

Notes
Turn   | Place    | Note
-------+----------+-------------------------------------------
     0 | D:1      | qw the Gargoyle Hexslinger began the quest for the Orb.
     0 | D:1      | Reached XP level 1. HP: 12/12 MP: 2/2
     0 | D:1      | 0 ||| qw: Version: 0.3-a-52-g30416fa
     0 | D:1      | 0 ||| qw: Game counter: 6012
     0 | D:1      | 0 ||| qw: Melee chars always use a shield: true
     0 | D:1      | 0 ||| qw: God list: Okawaru
     0 | D:1      | 0 ||| qw: Allow faded altars: false
     0 | D:1      | 0 ||| qw: Do Orc after clearing Dungeon:15 true
     0 | D:1      | 0 ||| qw: Do second Lair branch before Depths: true
     0 | D:1      | 0 ||| qw: Lair rune preference: random
     0 | D:1      | 0 ||| qw: Goals: Normal
     0 | D:1      | 0 ||| PLANNING D:1-11
   136 | D:1      | Reached XP level 2. HP: 16/16 MP: 3/3
   345 | D:1      | Reached skill level 3 in Ranged Weapons
   354 | D:1      | 354 ||| FLEEEEING.
   570 | D:1      | Reached XP level 3. HP: 18/21 MP: 4/4
   851 | D:1      | 851 ||| UPGRADING to +0 pair of gloves.
   856 | D:1      | 856 ||| UPGRADING to +0 leather armour.
   866 | D:1      | 866 ||| DROPPING +0 robe.
   867 | D:1      | 867 ||| READING scroll labelled KUMNEG YQIPSA.
   868 | D:1      | 868 ||| READING 2 scrolls labelled NEFRE WOBAOSAE.
   873 | D:1      | 873 ||| DROPPING scroll of poison.
   887 | D:2      | Found a faded altar of an unknown god.
  1034 | D:2      | 1034 ||| UPGRADING to amulet of guardian spirit.
  1590 | D:2      | 1590 ||| UPGRADING to +0 pair of boots.
  1595 | D:2      | 1595 ||| READING 2 scrolls labelled VUZEZY JECASASM.
  1596 | D:2      | 1596 ||| DROPPING scroll of fog.
  1630 | D:3      | Reached XP level 4. HP: 26/26 MP: 5/5
  1743 | D:3      | Reached skill level 4 in Ranged Weapons
  1808 | D:3      | 1808 ||| Stepping ~*~*~tactically~*~*~ (outnumbered).
  1811 | D:3      | 1811 ||| Stepping ~*~*~tactically~*~*~ (outnumbered).
  1855 | D:3      | 1855 ||| FLEEEEING.
  1856 | D:3      | 1856 ||| FLEEEEING.
  1862 | D:3      | 1862 ||| FLEEEEING.
  1864 | D:3      | 1864 ||| FLEEEEING.
  2040 | D:3      | Reached XP level 5. HP: 30/30 MP: 6/6
  2064 | D:3      | Found a glowing silver altar of Zin.
  2064 | D:3      | Noticed an angel
  2252 | D:3      | Reached skill level 5 in Ranged Weapons
  2518 | D:3      | 2518 ||| UPGRADING to +0 ring mail.
  2528 | D:3      | 2528 ||| DROPPING +0 leather armour.
  2529 | D:3      | 2529 ||| READING 2 scrolls labelled JISTRYVV CEBB.
  2530 | D:3      | 2530 ||| DRINKING 2 viscous cyan potions.
  2600 | D:4      | HP: 6/30 [iguana (3)]
  2600 | D:4      | Slain by an iguana

Levels and vault maps discovered:
D:1:      lemuel_arrival_rhombus, layout_basic
D:2:      layout_loops_ring, nicolae_ecumenical_oubliette,
          minmay_parallelograms, minmay_misc_feat_diagonals
D:3:      layout_basic, zin_angel
D:4:      layout_basic, marbit_many_paths, corexii_corridor_pit

Skill      XL: |  1  2  3  4  5 |
---------------+----------------+-----
Ranged Weapons | 3 4 5 |  5.0
Fighting       | 2 |  2.1
Armour         | |  0.7
Dodging        | |  1.5
Spellcasting   | |  1.0
Hexes          | |  2.6

Action                     |  1- 3 |  4- 6 || total
---------------------------+-------+-------++-------
   Fire: Sling             |   119 |   116 ||   235
    Use: Scroll            |     3 |     1 ||     4
         Potion            |       |     1 ||     1
 Armour: Robe              |     3 |       ||     3
         Leather armour    |    12 |    18 ||    30
         Ring mail         |       |     6 ||     6
  Dodge: Dodged            |    27 |    32 ||    59

Table legend:
 A = Non-vault XP
 B = Vault XP
 C = Vault XP percentage of total XP
 D = Non-vault monster count
 E = Vault monster count
 F = Vault count percentage of total count
                 A         B        C        D         E       F
            +---------+---------+-------+---------+---------+-------
      Total |     220 |       0 |   0.0 |      61 |       0 |   0.0
            +---------+---------+-------+---------+---------+-------
        D:1 |      37 |       0 |   0.0 |      20 |       0 |   0.0
        D:2 |      44 |       0 |   0.0 |      15 |       0 |   0.0
        D:3 |     126 |       0 |   0.0 |      25 |       0 |   0.0
        D:4 |      13 |       0 |   0.0 |       1 |       0 |   0.0
            +---------+---------+-------+---------+---------+-------
